Map: Radhuset Station LE

Players

Subwayeatn

  • Race: Zerg Zerg
  • League: Platinum
  • Spawn Location: 7:00

Bertxi - Winner!

  • Race: Terran Terran
  • League: Diamond
  • Spawn Location: 1:00

VOD

Have the link to the VOD?

Description

Time

  • Played on: Nov. 7, 2023, 12:41 p.m.
  • Length: 30:19
Show
View Real Time Build Order
Export as new Build Order

Subwayeatn Zerg 

Build Orders: Hatch First 

Get SALT Encoding   

  12  0:00  Drone  
  13  0:12  Overlord  
  13  0:20  Drone  
  14  0:30  Drone x2  
  16  0:50  Hatchery  
  16  0:54  Drone  
  16  0:57  Drone  
  17  1:00  Drone  
  17  1:03  Extractor  
  17  1:19  Spawning Pool  
  17  1:21  Drone  
  17  1:26  Drone  
  17  1:31  Drone  
  19  1:38  Drone  
  20  1:49  Drone  
  21  2:00  Overlord  
  21  2:07  Zergling x2  
  22  2:14  Metabolic Boost  
  22  2:17  Queen  
  22  2:18  Queen  
  26  2:23  Drone  
  30  2:30  Drone x3  
  30  2:39  Zergling x2  
  30  2:41  Spine Crawler  
  30  2:47  Spine Crawler  
  27  2:53  Zergling x6  
  24  3:18  Spine Crawler  
  24  3:19  Queen  
  22  3:21  Zergling x4  
  26  3:34  Spine Crawler  
  24  4:08  Drone x9  
  33  4:35  Overlord  
  33  4:39  Lair  
  33  4:45  Baneling Nest  
  32  4:53  Drone x4  
  32  4:55  Drone x3  
  38  5:02  Zergling x2  
  39  5:22  Drone  
  39  5:23  Drone  
  41  5:45  Drone x3, Overlord  
  41  5:49  Overlord  
  44  5:52  Overseer  
  44  6:02  Extractor  
  43  6:06  Queen  
  46  6:18  Drone x3  
  46  6:20  Drone x3  
  51  6:26  Hydralisk Den  
  51  6:27  Drone x4  
  51  6:28  Drone x2  
  56  6:35  Overlord  
  56  6:38  Overseer  
  56  6:40  Overlord, Hatchery  
  55  6:54  Spore Crawler x2  
  54  6:56  Drone x3  
  54  6:57  Drone  
  54  6:58  Spore Crawler  
  54  6:59  Spore Crawler  
  55  7:03  Spore Crawler  
  55  7:04  Spore Crawler  
  55  7:07  Spore Crawler x2  
  51  7:09  Drone x4  
  51  7:15  Extractor  
  53  7:16  Extractor  
  49  7:26  Drone x5  
  54  7:38  Centrifugal Hooks  
  54  7:39  Infestation Pit, Grooved Spines  
  53  7:45  Evolution Chamber  
  53  7:46  Evolution Chamber, Overlord x3  
  51  8:03  Zergling x6  
  51  8:04  Zergling x2  
  51  8:05  Hydralisk x4, Spine Crawler  
  58  8:06  Spine Crawler  
  61  8:16  Hydralisk x3  
  66  8:29  Muscular Augments  
  66  8:40  Zerg Missile Weapons Level 1  
  66  8:41  Zerg Melee Weapons Level 1  
  64  8:42  Queen  
  64  8:43  Drone x5  
  64  8:44  Drone x5  
  75  9:01  Queen  
  77  9:05  Hydralisk x3  
  77  9:08  Overlord  
  83  9:14  Overseer  
  83  9:15  Overseer  
  83  9:18  Queen  
  83  9:24  Drone x5  
  88  9:25  Overlord  
  88  9:29  Pneumatized Carapace  
  90  9:42  Extractor  
  90  9:43  Extractor  
  88  9:46  Drone  
  88  9:47  Drone x3  
  88  9:52  Spore Crawler  
  91  9:53  Spore Crawler x2  
  91  9:54  Drone x5, Spore Crawler  
  91  9:55  Drone x5  
  98  10:10  Spire  
  97  10:26  Spine Crawler  
  96  10:30  Spine Crawler  
  96  10:34  Overlord  
  96  10:35  Overlord x3  
  95  10:46  Overlord x2  
  95  10:48  Overseer  
  95  10:50  Overseer  
  95  10:53  Zergling x2  
  95  10:55  Zergling x2  
  98  10:57  Zergling x2  
  98  10:58  Zergling x2  
  98  11:02  Hive  
  99  11:13  Zergling x6  
  99  11:14  Zergling x4  
  104  11:20  Zerg Melee Weapons Level 2, Zerg Missile Weapons Level 2  
  104  11:26  Overlord  
  104  11:30  Corruptor  
  104  11:31  Corruptor x9  
  124  11:35  Overseer x2  
  124  11:51  Overseer  
  124  11:55  Hatchery  
  123  12:01  Drone  
  123  12:02  Drone x15  
  139  12:14  Zergling x16  
  146  12:19  Greater Spire  
  146  12:23  Adrenal Glands  
  146  12:35  Overlord x4  
  137  12:58  Spore Crawler  
  137  13:00  Drone x2, Spore Crawler  
  137  13:04  Extractor  
  137  13:05  Drone x2  
  138  13:06  Drone x3, Extractor  
  138  13:07  Drone x3  
  138  13:08  Queen  
  138  13:11  Corruptor x6  
  157  13:33  Drone  
  157  13:34  Drone x4, Spore Crawler  
  160  13:35  Spore Crawler x2  
  160  13:37  Corruptor  
  160  13:38  Corruptor x5  
  171  13:41  Brood Lord  
  171  13:43  Overlord  
  171  13:47  Zerg Flyer Weapons Level 1, Spore Crawler  
  172  14:02  Hatchery  
  171  14:05  Corruptor x3  
  171  14:09  Brood Lord x2  
  181  14:14  Viper x2  
  187  14:18  Viper  
  186  14:42  Hatchery  
  185  14:50  Viper x2  
  191  14:55  Zerg Melee Weapons Level 3  
  191  14:57  Zerg Ground Armor Level 1  
  191  15:18  Overlord x2  
  191  15:19  Overlord x2  
  191  15:30  Hatchery  
  191  15:33  Extractor  
  191  15:34  Brood Lord  
  191  15:36  Brood Lord x2  
  191  15:37  Brood Lord x2  
  191  15:40  Zergling x2  
  191  15:42  Zerg Flyer Armor Level 1  
  200  16:24  Spore Crawler  
  199  16:26  Extractor  
  199  16:27  Extractor, Spore Crawler  
  199  16:28  Spore Crawler  
  199  16:30  Spore Crawler  
  192  17:00  Hydralisk x4  
  200  17:38  Spine Crawler  
  200  17:40  Spine Crawler x2  
  200  17:43  Spine Crawler  
  192  18:12  Drone x2  
  194  18:13  Drone x5, Spine Crawler  
  194  18:14  Spine Crawler  
  148  19:23  Corruptor x5  
  148  19:24  Corruptor x20  
  164  20:04  Corruptor  
  164  20:05  Corruptor x8  
  182  20:08  Overlord x5  
  182  20:12  Hatchery  
  182  20:14  Extractor x2  
  179  20:29  Overseer  
  179  20:33  Overseer x3  
  174  20:36  Hatchery  
  174  20:39  Extractor x2  
  171  20:43  Brood Lord x3  
  171  20:44  Brood Lord x2  
  146  22:35  Hatchery  
  146  22:36  Extractor  
  140  22:37  Extractor  
  117  22:46  Corruptor x9  
  117  22:47  Corruptor x11  
  145  22:52  Queen  
  147  23:04  Zerg Flyer Weapons Level 2  
  147  23:19  Brood Lord x6  
  159  23:22  Corruptor  
  159  23:23  Corruptor x9  
  179  23:32  Viper  
  182  23:53  Zergling x2  
  182  23:54  Zergling x16  
  182  23:55  Zergling x10  
  193  24:23  Hatchery  
  170  25:20  Zerg Flyer Armor Level 2  
  170  25:22  Hatchery  
  135  26:15  Brood Lord x3  
  135  26:16  Corruptor x4, Brood Lord x3  
  135  26:17  Corruptor  
  157  27:00  Zergling x12  
  157  27:01  Zergling x14  
  167  27:02  Zergling x24  
  167  27:07  Extractor  
  129  28:08  Corruptor x6  
  129  28:11  Brood Lord x3  
  129  28:12  Brood Lord  
  148  28:31  Overlord x3  
  148  28:42  Extractor x2  
  146  28:51  Hatchery  
  146  28:52  Extractor  
  146  28:54  Extractor  
  136  29:24  Brood Lord x2  
  136  29:50  Corruptor x2  
Show
View Real Time Build Order
Export as new Build Order

Bertxi Terran - Winner!

Build Orders:  

Get SALT Encoding   

  12  0:00  SCV  
  13  0:13  SCV  
  14  0:18  Supply Depot  
  14  0:25  SCV  
  15  0:40  SCV  
  16  0:46  Barracks  
  16  0:53  SCV  
  17  1:02  Barracks  
  17  1:09  Supply Depot  
  17  1:11  SCV  
  18  1:23  SCV  
  19  1:34  Marine  
  19  1:37  Orbital Command  
  20  1:45  Supply Depot  
  20  1:51  Marine  
  20  1:53  Marine  
  22  2:00  Refinery  
  22  2:09  Marine  
  22  2:11  Marine  
  24  2:20  Bunker  
  24  2:27  Marine  
  24  2:28  Marine  
  26  2:37  Bunker  
  26  2:39  SCV  
  26  2:44  Refinery  
  27  2:45  Marine  
  27  2:46  Marine  
  29  2:52  SCV  
  30  3:02  Marine  
  30  3:04  Marine  
  27  3:13  SCV  
  28  3:20  Marine  
  28  3:22  Marine  
  28  3:25  SCV  
  31  3:28  Factory  
  31  3:38  Marine  
  31  3:40  Marine  
  32  3:54  SCV  
  30  3:56  Marine  
  30  3:58  Marine  
  32  4:03  Command Center  
  32  4:06  SCV  
  33  4:14  Marine  
  33  4:15  Marine  
  34  4:38  Factory Reactor  
  34  4:42  Starport  
  34  4:43  SCV  
  34  4:44  Command Center  
  35  4:55  SCV  
  35  5:07  SCV  
  36  5:16  Orbital Command, Hellion x2  
  36  5:19  SCV  
  40  5:30  Liberator, Supply Depot  
  40  5:31  SCV  
  44  5:38  Hellion  
  44  5:39  Fusion Core  
  44  5:40  Orbital Command, Hellion  
  48  5:51  Supply Depot  
  48  5:52  Supply Depot  
  48  5:53  SCV  
  49  6:00  Hellion  
  49  6:01  Hellion  
  49  6:02  Orbital Command  
  53  6:14  Factory  
  53  6:15  SCV  
  54  6:20  Refinery  
  54  6:25  Refinery  
  54  6:27  SCV  
  54  6:29  SCV  
  56  6:37  Orbital Command  
  56  6:41  SCV  
  56  6:45  Supply Depot  
  57  6:53  SCV  
  58  6:54  Weapon Refit  
  58  6:57  Armory  
  58  6:58  Factory Tech Lab  
  58  6:59  Hellion x2  
  62  7:22  Hellion x3  
  64  7:23  Infernal Pre-Igniter  
  64  7:32  SCV  
  64  7:35  Starport Tech Lab  
  65  7:38  Starport  
  65  7:40  Engineering Bay  
  65  7:58  Terran Vehicle Weapons Level 1  
  65  8:00  Factory  
  65  8:04  Factory  
  65  8:18  SCV  
  65  8:19  Neosteel Armor  
  63  8:21  Siege Tank, Hellion x2  
  63  8:25  SCV  
  67  8:37  SCV  
  64  8:43  Hellion x2  
  64  8:44  SCV  
  67  8:49  SCV  
  67  8:53  Factory Tech Lab x2  
  67  8:55  Starport Tech Lab  
  68  8:56  SCV  
  68  9:01  SCV x2  
  71  9:08  SCV  
  72  9:13  SCV x2  
  74  9:19  Viking x2  
  74  9:20  SCV  
  74  9:22  Drilling Claws  
  74  9:24  Siege Tank x3  
  85  9:25  SCV, Refinery  
  85  9:26  Hellion  
  85  9:28  Orbital Command, Hellion  
  93  9:31  Command Center  
  93  9:38  SCV x2  
  95  9:41  Armory  
  95  9:50  SCV x2  
  95  9:51  Refinery  
  97  9:54  Hellion x2  
  101  10:02  Siege Tank, Hellion, SCV  
  101  10:03  Supply Depot  
  101  10:05  Supply Depot x2  
  107  10:14  SCV  
  104  10:23  SCV  
  104  10:24  Battlecruiser  
  104  10:25  Terran Vehicle Weapons Level 2  
  104  10:26  SCV  
  112  10:30  Hellion  
  112  10:31  Hellion  
  112  10:35  SCV  
  117  10:38  SCV  
  117  10:41  SCV  
  119  10:44  Smart Servos  
  119  10:47  SCV  
  120  10:50  SCV  
  120  10:53  Siege Tank x2, SCV  
  128  10:58  Siege Tank  
  128  10:59  SCV  
  128  11:02  SCV  
  133  11:05  Missile Turret, SCV  
  133  11:11  Sensor Tower, SCV  
  134  11:12  Planetary Fortress  
  134  11:14  SCV  
  134  11:17  SCV, Refinery  
  137  11:23  SCV  
  138  11:38  SCV  
  139  11:40  Sensor Tower  
  139  11:41  Terran Vehicle And Ship Armor Level 1, Refinery  
  139  11:42  Hi-Sec Auto Tracking  
  139  11:43  Siege Tank  
  139  11:45  Hellion x3  
  148  11:58  Supply Depot  
  148  12:02  Command Center  
  148  12:20  Siege Tank x2, Supply Depot x3, SCV x2  
  156  12:24  Supply Depot  
  156  12:27  Supply Depot  
  156  12:29  Advanced Ballistics  
  156  12:31  Siege Tank, Hellion x2  
  156  12:32  SCV  
  164  12:42  SCV  
  166  12:44  SCV  
  166  12:49  Command Center  
  166  12:52  Siege Tank x2, Hellion  
  166  12:54  SCV  
  166  12:56  SCV  
  176  13:03  Siege Tank  
  179  13:06  SCV  
  179  13:08  SCV  
  179  13:09  Command Center  
  181  13:12  Missile Turret  
  181  13:16  Missile Turret  
  181  13:18  SCV  
  181  13:19  Terran Vehicle Weapons Level 3  
  182  13:20  Orbital Command, SCV  
  183  13:29  Command Center  
  183  13:30  SCV  
  184  13:41  Ghost Academy x3  
  184  13:42  SCV  
  184  13:44  Caduceus Reactor  
  184  13:47  Missile Turret  
  185  13:54  Terran Ship Weapons Level 1  
  185  13:58  Interference Matrix  
  185  13:59  Cloaking Field  
  185  14:01  Hurricane Engines  
  185  14:08  Planetary Fortress, Command Center  
  185  14:14  Missile Turret  
  185  14:18  Personal Cloaking  
  185  14:19  Nuke  
  185  14:21  Nuke  
  185  14:24  Command Center  
  185  14:25  Terran Infantry Weapons Level 1  
  185  14:35  Barracks Tech Lab  
  185  14:37  Missile Turret  
  179  14:40  Barracks Tech Lab  
  179  14:54  Thor  
  179  14:55  Thor  
  179  14:57  Thor, Hyperflight Rotors  
  179  14:58  Starport  
  179  14:59  Starport x2  
  197  15:02  Missile Turret  
  197  15:03  Missile Turret  
  197  15:04  Missile Turret  
  197  15:08  Missile Turret  
  197  15:10  Missile Turret  
  197  15:11  Missile Turret x2  
  197  15:13  Missile Turret x2  
  197  15:14  Missile Turret  
  197  15:15  Missile Turret  
  197  15:23  Stimpack  
  197  15:24  Combat Shield  
  197  15:31  Orbital Command, Missile Turret  
  197  15:32  Command Center  
  197  15:34  Missile Turret  
  197  15:38  Orbital Command  
  197  15:55  Terran Vehicle And Ship Armor Level 2  
  197  15:58  Planetary Fortress  
  197  15:59  Planetary Fortress  
  197  16:16  Starport Reactor  
  197  16:17  Starport Reactor x2  
  197  16:21  Terran Infantry Weapons Level 2  
  197  16:22  Terran Ship Weapons Level 2  
  197  16:31  Command Center  
  195  17:00  Orbital Command  
  195  17:06  Refinery  
  195  17:07  Refinery  
  195  17:12  Command Center  
  191  17:26  Viking x3  
  191  17:27  Viking  
  187  17:48  Viking x4  
  187  17:50  Hellion x8  
  195  17:56  Viking x2  
  196  18:16  Viking x2  
  196  18:18  Viking x4  
  193  18:26  Viking x2  
  180  18:35  Thor  
  180  18:36  Thor  
  180  18:40  Ghost  
  188  18:46  Viking x2  
  188  18:48  Viking x4  
  173  18:56  Viking x2  
  177  19:05  Thor  
  183  19:16  Viking x2  
  176  19:18  Viking x4  
  169  19:26  Viking x2  
  167  19:33  Siege Tank x2  
  173  19:42  Hellion x2  
  177  19:46  Viking x2  
  177  19:48  Viking x4  
  189  19:59  Thor  
  195  20:31  Planetary Fortress  
  195  20:49  Refinery x2  
  195  20:56  Command Center x2  
  195  21:03  Command Center  
  195  21:06  Nuke x3  
  195  21:11  Concussive Shells  
  195  21:13  Terran Vehicle And Ship Armor Level 3  
  195  21:14  Terran Ship Weapons Level 3  
  195  21:19  Terran Infantry Weapons Level 3  
  193  21:53  Thor  
  181  22:23  Viking  
  181  22:24  Viking x7  
  181  22:27  Thor x2  
  181  22:48  Thor  
  185  22:53  Viking x2  
  185  22:54  Viking x5  
  199  23:01  Planetary Fortress x2  
  199  23:24  Command Center  
  199  23:25  Command Center  
  199  23:26  Command Center  
  198  23:56  Terran Infantry Armor Level 1  
  195  24:30  Refinery  
  189  24:31  Command Center  
  177  24:42  Refinery  
  164  25:16  Planetary Fortress  
  164  25:25  Thor x3  
  164  25:27  Viking  
  150  25:51  Hellion x2  
  148  25:58  Viking  
  148  25:59  Viking  
  136  26:08  Thor x3  
  138  26:13  Hellion x2  
  142  26:19  Planetary Fortress  
  142  26:20  Refinery  
  142  26:21  Refinery  
  142  26:34  Hellion x2  
  146  26:50  Thor  
  146  26:51  Thor x2  
  164  26:55  Hellion x2  
  168  27:17  Hellion x2  
  172  27:28  Viking x2  
  176  27:33  Thor x3  
  194  27:38  Hellion x2  
  188  27:59  Viking x2  
  192  28:17  Hellion x3  
  198  28:26  Orbital Command  
  198  28:32  Hellion  
  200  28:36  Command Center  
  196  29:49  Command Center  
  196  29:51  Hellion  
  196  29:52  Hellion  
Tags
 
Add a new tag
Caveats
  • Supply blocks, unpowered buildings, or Contaminate may cause inaccurate times.
  • Supply counts are checked every 10 seconds.